 Dungeon Crawl Stone Soup version 0.18-a0-1372-gd644665 (webtiles) character file.

44 M4edhros the Insei (level 3, -2/26 HPs)
             Began as an Octopode Monk on Feb 21, 2016.
             Slain by a goblin
             ... wielding a +0 club
             ... led by Robin
              (5 damage)
             ... on level 4 of the Dungeon.
             The game lasted 00:02:30 (609 turns).

M4edhros the Insei (Octopode Monk)                   Turns: 609, Time: 00:02:31

Health: -2/26      AC:  1    Str: 10    XL:     3   Next: 60%
Magic:  3/3        EV:  8    Int: 12    God:
Gold:   56         SH:  0    Dex: 15    Spells: 0 memorised, 2 levels left

rFire  + . .     SeeInvis .     f - scroll of remove curse {unknown}
rCold  . . .     Gourm    .     (no shield)
rNeg   . . .     Faith    .     (helmet restricted)
rPois  .         Spirit   .     (no amulet)
rElec  .         Dismiss  .     e - ring of protection from fire
rCorr  .         Reflect  .     (no ring)
SustAt .         Harm     .     (no ring)
MR     .....                    (no ring)
Stlth  ++++......               (no ring)
                                (no ring)
                                (no ring)
                                (no ring)

@: lethally poisoned (-2 -> -9), not resistant to hostile enchantments, stealthy
A: almost no armour, amphibious, 8 rings, constrict 8, camouflage 1, gelatinous
body 1
a: no special abilities


You were on level 4 of the Dungeon.
You were not hungry.

You visited 1 branch of the dungeon, and saw 4 of its levels.

You collected 56 gold pieces.

Inventory:

Missiles
 d - 23 stones (quivered)
Jewellery
 e - a ring of protection from fire (left tentacle)
Scrolls
 f - a scroll of remove curse (in tentacle) {unknown}
Potions
 b - a potion of curing
Comestibles
 a - 3 bread rations


   Skills:
 - Level 3.0 Fighting
 - Level 3.0 Dodging
 + Level 4.2 Stealth
 + Level 4.6 Unarmed Combat


You had 2 spell levels left.
You didn't know any spells.

Dungeon Overview and Level Annotations

Branches:
Dungeon (4/15)
 Temple: D:4-7

Altars:
Qazlal

Annotations:
D:3 M4edhros's ghost, amateur OpMo
D:4 Grinder; Robin


Innate Abilities, Weirdness & Mutations

You cannot wear most types of armour.
You are amphibious.
You can wear up to eight rings at the same time.
You can use your tentacles to constrict eight enemies at once.
Your skin changes colour to match your surroundings (Stealth).
Your rubbery body absorbs attacks (AC +1).


Message History

The goblin wields an uncursed club.
The goblin completely misses you.
There is a stone staircase leading up, spattered with blood here.
You aren't carrying or standing over any spellbooks.
Unknown command.
The scorpion stings you.
You are lethally poisoned!
The scorpion poisons you!
A quokka and Grinder come into view.
You feel sick.
A giant newt comes into view.
You feel sick.
You feel sick.
Drink which item? (? for menu, Esc to quit)
Okay, then.
There is a stone staircase leading down here.
* * * LOW HITPOINT WARNING * * *
You feel sick. The goblin hits you.
* * * LOW HITPOINT WARNING * * *
The goblin hits you with a club.
You die...

.. ...5 ......
#..........# ..#...
..........#
.[....#####.........#
......... .........#
#......###.......##
#......#..........#
#.........s.......#
#....(<##gg@....l.#
#...<.....g?r.....#
#......g..........#
#........#.......##
#........##.....##
#........#####....
#......$.# .....
#........# .....
#........#


You could see a scorpion, Robin, a quokka, 3 goblins and a giant newt
(sleeping).

Vanquished Creatures
  3 adders (D:3)
  8 goblins
  2 hobgoblins (D:3)
  A ball python (D:2)
  2 bats
  A giant newt (D:1)
17 creatures vanquished.

Notes
Turn   | Place    | Note
--------------------------------------------------------------
     0 | D:1      | M4edhros the Octopode Monk began the quest for the Orb.
     0 | D:1      | Reached XP level 1. HP: 16/16 MP: 1/1
    82 | D:3      | Found a stormy altar of Qazlal.
    93 | D:3      | Reached XP level 2. HP: 18/21 MP: 2/2
   166 | D:3      | Noticed M4edhros's ghost (amateur OpMo)
   177 | D:4      | Noticed Robin
   179 | D:4      | Noticed a scorpion
   192 | D:3      | Reached XP level 3. HP: 11/26 MP: 3/3
   457 | D:3      | HP: 1/26 [poisoned by an adder]
   605 | D:4      | Noticed Grinder
   609 | D:4      | Slain by a goblin

Vault maps used:
D:1:      zaba_arrival_water
D:2:      first_bread, nicolae_tso_carved_into_rock, uniq_crazy_yiuf_cottage,
          uniq_terence, uniq_jessica
D:3:      kennysheep_six_static_rooms, grunt_qazlal_sundering, dk_noncrumbling_3
D:4:      nicolae_dithmenos_through_a_glass_darkly, uniq_grinder, uniq_robin

Action                   || total
-------------------------++-------
Melee: Unarmed           ||    34
  Use: Potion            ||     2
 Stab: Sleeping          ||     2
